 Dungeon Crawl Stone Soup version 0.31-a0-232-gb1c03b2570 (webtiles) character file.

Game seed: 4721077204575134471

132 qw the Shooter (level 4, -2/36 HPs)
             Began as a Minotaur Hexslinger on July 7, 2023.
             Slain by a gnoll
             ... wielding a +0 spear
              (6 damage)
             ... on level 4 of the Dungeon.
             The game lasted 00:00:49 (2225 turns).

qw the Shooter (Minotaur Hexslinger)                Turns: 2225, Time: 00:00:50

Health: -2/36      AC:  5    Str: 12    XL:     4   Next: 92%
Magic:  4/4        EV: 11    Int: 10    God:
Gold:   202        SH:  0    Dex: 21    Spells: 4/5 levels left

rFire   . . .        f - +1 sling (heavy)
rCold   . . .        (no shield)
rNeg    . . .        b - +0 ring mail
rPois   .            (helmet restricted)
rElec   .            (no cloak)
rCorr   .            (no gloves)
SInv    .            (no boots)
Will    .....        (no amulet)
Stlth   +            d - +6 ring of dexterity
HPRegen 0.26/turn    (no ring)
MPRegen 0.09/turn

%: no passive effects
@: no status effects
A: horns 2, retaliatory headbutt
a: no special abilities


You were on level 4 of the Dungeon.
You visited 1 branch of the dungeon, and saw 4 of its levels.

You collected 202 gold pieces.


Innate Abilities, Weirdness & Mutations

You have a pair of horns on your head.
You reflexively headbutt those who attack you in melee.


   Skills:
 + Level 2.1 Fighting
 - Level 5.3 Ranged Weapons
 - Level 1.0 Armour
 - Level 2.1 Dodging
 - Level 1.0 Spellcasting
 - Level 2.0 Hexes


You had 4 spell levels left.
You knew the following spells:

 Your Spells              Type           Power      Damage    Failure   Level
a - Slow                  Hex            16%        N/A       34%         1

Your spell library contained the following spells:

 Spells                   Type           Power      Damage    Failure   Level
 Inner Flame              Hex/Fire       2%         N/A       83%         3
 Portal Projectile        Hex/Tloc       4%         N/A       83%         3
 Cause Fear               Hex            2%         N/A       98%         4

Inventory:

Hand Weapons
 f - a +1 heavy sling (weapon)
Armour
 b - a +0 ring mail (worn)
Jewellery
 d - a +6 ring of dexterity (left hand)
Scrolls
 c - a scroll of teleportation
 g - a scroll of identify
Potions
 i - a potion of curing {unknown}

Dungeon Overview and Level Annotations

Branches:
Dungeon (4/15)
 Temple: D:4-7

Altars:

Annotations:
D:2 1 runed translucent door, Crazy Yiuf
D:4 Grinder


Message History

Done exploring.
(D) Dungeon
Where to? (* - list waypoints, Enter - D:3, ? - help)
What level of the Dungeon? (default 1, ? - help)
There is a stone staircase leading down here.
You climb downwards.
The gnoll shouts!
You hear a shout!
Found a potion of lignification and a trident.
There is a stone staircase leading up here.
There are monsters nearby!
Waypoint 3 assigned to D:4.
You shoot a sling bullet.
The sling bullet completely misses the gnoll.
The gnoll shouts!
The gnoll throws a throwing net.
The throwing net hits you.
You become entangled in the net!
You tear a large gash into the net.
Grinder comes into view.
You struggle against the net.
The gnoll barely misses you.
You shred the net and break free!
The gnoll throws a throwing net.
The throwing net hits you.
You become entangled in the net!
The gnoll hits you from afar with a +0 spear.
You struggle against the net.
Grinder blinks!
A goblin comes into view. It is wielding a +0 dagger.
The gnoll hits you from afar with a +0 spear!
The gnoll hits you from afar with a +0 spear.
You struggle against the net.
The goblin shouts!
The gnoll hits you with a +0 flail.
The gnoll hits you from afar with a +0 spear. x3
Grinder blinks!
You shred the net and break free!
The gnoll hits you from afar with a +0 spear.
The gnoll barely misses you. x2
The gnoll hits you from afar with a +0 spear.
2225 ||| STAIRDANCE The gnoll hits you from afar with a +0 spear.
You die...

#......)...#
#..........####
#.............#
#.....!g......#
#.............#
#.....gg......#
#....gg.......#
#@w5.....
###.....# .....
.... ... .. .


You could see Grinder, 4 gnolls, a dart slug and a goblin.

Vanquished Creatures
  An iguana (D:3)
  3 adders (D:2)
  2 worms (D:3)
  2 dart slugs
  4 orcs (D:3)
  5 endoplasms
  4 giant cockroaches
  7 goblins
  8 hobgoblins
  4 jackals (D:2)
  4 kobolds
  2 quokkas (D:1)
  2 ball pythons (D:2)
  6 bats
  A frilled lizard (D:2)
  3 rats (D:1)
58 creatures vanquished.

Notes
Turn   | Place    | Note
-------+----------+-------------------------------------------
     0 | D:1      | qw the Minotaur Hexslinger began the quest for the Orb.
     0 | D:1      | Reached XP level 1. HP: 16/16 MP: 1/1
     0 | D:1      | 0 ||| qw: Version: 0.3-a-46-gb1f654a
     0 | D:1      | 0 ||| qw: Game counter: 2563
     0 | D:1      | 0 ||| qw: Melee chars always use a shield: true
     0 | D:1      | 0 ||| qw: God list: Okawaru
     0 | D:1      | 0 ||| qw: Allow faded altars: false
     0 | D:1      | 0 ||| qw: Do Orc after clearing Dungeon:15 true
     0 | D:1      | 0 ||| qw: Do second Lair branch before Depths: true
     0 | D:1      | 0 ||| qw: Lair rune preference: random
     0 | D:1      | 0 ||| qw: Goals: Normal
     0 | D:1      | 0 ||| PLANNING D:1-11
    52 | D:1      | Found a faded altar of an unknown god.
   108 | D:1      | Reached skill level 3 in Ranged Weapons
   108 | D:1      | Reached XP level 2. HP: 23/23 MP: 2/2
   174 | D:1      | 174 ||| Stepping ~*~*~tactically~*~*~ (outnumbered).
   947 | D:1      | 947 ||| UPGRADING to +6 ring of dexterity.
   948 | D:1      | 948 ||| READING scroll labelled TACZEN SAQOEDA.
   950 | D:1      | 950 ||| READING scroll labelled QIUTET EQYI.
   952 | D:1      | 952 ||| DROPPING scroll of poison.
  1010 | D:2      | Reached XP level 3. HP: 29/29 MP: 3/3
  1101 | D:2      | Reached skill level 4 in Ranged Weapons
  1206 | D:2      | Reached XP level 4. HP: 36/36 MP: 4/4
  1532 | D:2      | Found a runed translucent door.
  1533 | D:2      | Noticed Crazy Yiuf
  1685 | D:2      | 1685 ||| UPGRADING to +0 ring mail.
  1695 | D:2      | 1695 ||| DROPPING +0 robe.
  1696 | D:2      | 1696 ||| READING 3 scrolls labelled JECHAL BUXZOIX.
  1697 | D:2      | 1697 ||| READING scroll labelled APOCHAMN ISIOPT.
  1698 | D:2      | 1698 ||| READING 2 scrolls of identify.
  1698 | D:2      | 1698 ||| IDENTIFYING sedimented cyan potion
  1699 | D:2      | 1699 ||| DROPPING potion of lignification.
  1805 | D:3      | 1805 ||| Stepping ~*~*~tactically~*~*~ (water).
  1828 | D:3      | Reached skill level 1 in Armour
  2032 | D:3      | Reached skill level 5 in Ranged Weapons
  2205 | D:3      | 2205 ||| READING 2 scrolls labelled XOISYM DOEXE.
  2208 | D:3      | 2208 ||| READING scroll labelled RIYKIO HIRU.
  2209 | D:3      | 2209 ||| READING scroll labelled CUAFRUA LEFA.
  2210 | D:3      | 2210 ||| READING 2 scrolls of identify.
  2210 | D:3      | 2210 ||| IDENTIFYING clear potion
  2211 | D:3      | 2211 ||| DROPPING potion of invisibility.
  2219 | D:4      | Noticed Grinder
  2224 | D:4      | HP: 8/36 [gnoll/+0 spear (2)]
  2225 | D:4      | 2225 ||| STAIRDANCE
  2225 | D:4      | Slain by a gnoll

Levels and vault maps discovered:
D:1:      lightli_molten_gateway, layout_loops_corners,
          hellmonk_ecumenical_altar_blasted, minmay_misc_feat_doors,
          minmay_distorted
D:2:      layout_loops_ring, hangedman_decor_push, uniq_crazy_yiuf_cottage
D:3:      layout_rooms, fountainhead
D:4:      layout_basic, chequers_temple_overflow_statue_of_worship, uniq_grinder

Skill      XL: |  1  2  3  4 |
---------------+-------------+-----
Ranged Weapons | 3 4 5 |  5.3
Fighting       | 2 |  2.1
Armour         | 1 |  1.0
Dodging        | |  2.1
Spellcasting   | |  1.0
Hexes          | |  2.0

Action                     |  1- 3 |  4- 6 || total
---------------------------+-------+-------++-------
   Fire: Sling             |   116 |    55 ||   171
    Use: Scroll            |     2 |     7 ||     9
 Armour: Robe              |    10 |       ||    10
         Ring mail         |       |     4 ||     4
  Dodge: Dodged            |    35 |    15 ||    50

Table legend:
 A = Non-vault XP
 B = Vault XP
 C = Vault XP percentage of total XP
 D = Non-vault monster count
 E = Vault monster count
 F = Vault count percentage of total count
                 A         B        C        D         E       F
            +---------+---------+-------+---------+---------+-------
      Total |     189 |       0 |   0.0 |      58 |       0 |   0.0
            +---------+---------+-------+---------+---------+-------
        D:1 |      40 |       0 |   0.0 |      22 |       0 |   0.0
        D:2 |      77 |       0 |   0.0 |      22 |       0 |   0.0
        D:3 |      72 |       0 |   0.0 |      14 |       0 |   0.0
            +---------+---------+-------+---------+---------+-------
